 Dungeon Crawl Stone Soup version 0.25.1-1-g288607f (webtiles) character file.

Game seed: 197047971116154595

261 Brohito the Magician (level 5, -4/30 HPs)
             Began as a Deep Elf Fire Elementalist on July 22, 2020.
             Killed by divine providence
             ... invoked by an orc priest
              (15 damage)
             ... on level 3 of the Dungeon.
             The game lasted 00:10:38 (4363 turns).

Brohito the Magician (Deep Elf Fire Elementalist)   Turns: 4363, Time: 00:10:41

Health: -4/30      AC:  3    Str:  5    XL:     5   Next: 96%
Magic:  7/14       EV: 13    Int: 21    God:
Gold:   186        SH:  0    Dex: 15    Spells: 12/13 levels left

rFire    . . .     SeeInvis .   p - +0 dagger (elec)
rCold    . . .     Gourm    .   (no shield)
rNeg     . . .     Faith    .   a - +0 robe
rPois    .         Spirit   .   q - +0 helmet
rElec    .         Reflect  .   (no cloak)
rCorr    .         Harm     .   (no gloves)
MR       +....                  (no boots)
Stlth    ++........             (no amulet)
HPRegen  0.10/turn              m - ring of protection from magic
MPRegen  0.14/turn              (no ring)

@: no status effects
A: no striking features
a: no special abilities


You were on level 3 of the Dungeon.
You were not hungry.

You visited 1 branch of the dungeon, and saw 3 of its levels.

You collected 186 gold pieces.

Inventory:

Hand Weapons
 f - a +0 spear
 g - a +0 dagger of venom
 p - a +0 dagger of electrocution (weapon)
 r - a +3 dagger
Armour
 a - a +0 robe (worn)
 q - a +0 helmet (worn)
Jewellery
 m - a ring of protection from magic (left hand)
Wands
 o - a wand of random effects (12)
Scrolls
 d - 2 scrolls of fog {unknown}
 e - a scroll of amnesia {unknown}
 h - 2 scrolls of remove curse
 j - a scroll of enchant weapon {unknown}
 n - 3 scrolls of blinking
 t - a scroll of identify
Potions
 b - a potion of heal wounds {unknown}
 i - a potion of stabbing
 k - a potion of mutation {unknown}
 s - a potion of lignification {unknown}
Comestibles
 c - 4 rations
 l - 3 chunks of flesh


   Skills:
 * Level 1.7 Fighting
 - Level 2.4 Dodging
 - Level 2.4 Stealth
 + Level 4.8 Spellcasting
 * Level 3.9 Conjurations
 + Level 4.5 Fire Magic


You had 12 spell levels left.
You knew the following spells:

 Your Spells              Type           Power        Failure   Level  Hunger
a - Foxfire               Conj/Fire      ###.         1%          1    None

Your spell library contained the following spells:

 Spells                   Type           Power        Failure   Level  Hunger
 Conjure Flame            Conj/Fire      ###.....     6%          3    ##.....
 Inner Flame              Hex/Fire       ##......     13%         3    ##.....
 Sticky Flame             Conj/Fire      ###.....     19%         4    ####...
 Fireball                 Conj/Fire      ###.......   47%         5    #####..


Dungeon Overview and Level Annotations

Branches:
Dungeon (3/15)

Altars:
Trog
Yredelemnul
The Shining One


Message History

The orc priest calls upon Beogh to heal the orc.
The orc's wounds heal themselves!
The orc misses you. The orc hits you but does no damage.
You closely miss the orc.
The orc hits you from afar with a +0 trident.
The orc hits you but does no damage.
You hit the orc. Lightning courses through the orc!
You kill the orc!
The orc closely misses you.
Casting: Foxfire (safe; 1% risk of failure)
Confirm with . or Enter, or press ? or * to list all spells.
You conjure some foxfire!
The orc priest barely misses you.
The orc hits you from afar with a +0 trident.
Casting: Foxfire (safe; 1% risk of failure)
Confirm with . or Enter, or press ? or * to list all spells.
You conjure some foxfire!
The orc priest calls down the wrath of Beogh upon you.
Beogh smites you!
Ouch! That really hurt!
You die...

#≈####'####≈####.####.#.#..
#≈≈≈≈≈.§≈≈≈≈............###
######.§..§#####...>.......
##....'........#.#####
#....#####.#.##.# # #....#
#.#.##.# #
##§#######'#.##.# #
#§vv##......##.#####
#§#@##......##......
###o####....######## .o.
#...<......## .....
##########... #♣...♣# ####
..... ##_## ###


You could see an orc priest and an orc.

Vanquished Creatures
  A quasit (D:3)
  Natasha (twice) (D:3)
  An orc wizard (D:3)
  Robin (D:3)
  6 adders
  An ooze (D:3)
  4 worms
  A dart slug (D:3)
  2 leopard geckos
  5 orcs (D:3)
  A giant cockroach (D:3)
  8 goblins
  11 hobgoblins
  7 kobolds
  2 quokkas
  2 ball pythons
  6 bats
  3 frilled lizards (D:1)
  8 rats
  A spectral orc (D:2)
73 creatures vanquished.

Vanquished Creatures (others)
  217 foxfires
217 creatures vanquished.

Grand Total: 290 creatures vanquished

Notes
Turn   | Place    | Note
-------+----------+-------------------------------------------
     0 | D:1      | Brohito the Deep Elf Fire Elementalist began the quest for
                  | the Orb.
     0 | D:1      | Reached XP level 1. HP: 10/10 MP: 6/6
   339 | D:1      | Reached XP level 2. HP: 16/16 MP: 1/8
  1497 | D:2      | Reached XP level 3. HP: 19/20 MP: 0/9
  1967 | D:2      | Reached skill level 1 in Fighting
  2155 | D:2      | Reached XP level 4. HP: 25/25 MP: 5/11
  2545 | D:2      | Found a basalt altar of Yredelemnul.
  2942 | D:3      | Reached XP level 5. HP: 29/29 MP: 7/13
  3200 | D:3      | Noticed Robin
  3209 | D:3      | Killed Robin
  3400 | D:3      | Noticed Natasha
  3414 | D:3      | Killed Natasha
  3740 | D:3      | Found a faded altar of an unknown god.
  4021 | D:3      | Noticed Natasha
  4035 | D:3      | Killed Natasha
  4336 | D:3      | Found a bloodstained altar of Trog.
  4350 | D:3      | Found a glowing golden altar of the Shining One.
  4363 | D:3      | Killed from afar by an orc priest

Illustrated notes

Levels and vault maps discovered:
D:1:      ebering_hopf_link, layout_basic
D:2:      layout_loops_ring, yredelemnul_forgotten_temple_becter
D:3:      layout_basic, tso_altar, lightli_temple_of_fire,
          chequers_ecumenical_altar_simple_redux, first_ration, uniq_natasha,
          uniq_robin

Skill      XL: |  1  2  3  4 |
---------------+-------------+-----
Conjurations   | 2 3 |  3.9
Fighting       | 1 |  1.7
Fire Magic     | 4 |  4.5
Spellcasting   | 4 |  4.8
Dodging        | |  2.4
Stealth        | |  2.4

Action                   |  1- 3 |  4- 6 || total
-------------------------+-------+-------++-------
Melee: Unarmed           |     1 |       ||     1
       Dagger            |    34 |    41 ||    75
       Spear             |     2 |       ||     2
 Cast: Foxfire           |    76 |   113 ||   189
  Use: Scroll            |       |     3 ||     3
 Stab: Sleeping          |     1 |     1 ||     2
  Eat: Chunk             |     4 |     6 ||    10
Armor: Robe              |    10 |     8 ||    18
Dodge: Dodged            |    32 |    39 ||    71
